 Dungeon Crawl Stone Soup version 0.29.0-7-g18a832c13a (webtiles) character file.

Game seed: 14907612221981849324

221 styxcanada the Covert (level 5, -7/26 HPs)
             Began as a Spriggan Brigand on Sept 1, 2022.
             Killed from afar by Pikel (20 damage)
             ... with an iceblast
             ... on level 4 of the Dungeon.
             The game lasted 00:12:09 (3321 turns).

styxcanada the Covert (Spriggan Brigand)            Turns: 3321, Time: 00:12:10

Health: -7/26      AC:  3    Str:  7    XL:     5   Next: 65%
Magic:  8/8        EV: 22    Int: 13    God:
Gold:   192        SH:  0    Dex: 18    Spells: 6/7 levels left

rFire   . . .      SeeInvis +   s - +3 dagger (venom)
rCold   . . .      Faith    .   (no shield)
rNeg    . . .      Spirit   .   b - +0 robe
rPois   .          Reflect  .   (helmet restricted)
rElec   .          Harm     .   c - +0 cloak
rCorr   .          Rampage  .   (gloves unavailable)
Will    .....                   (boots unavailable)
Stlth   ++++......              (no amulet)
HPRegen 0.08/turn               k - +4 ring of evasion
MPRegen 0.11/turn               (no ring)

@: very quick
A: very small, no large weapons, unfitting armour, see invisible, speed 3
a: no special abilities


You were on level 4 of the Dungeon.
You visited 1 branch of the dungeon, and saw 4 of its levels.

You collected 192 gold pieces.

Inventory:

Hand Weapons
 a - a +2 dagger
 s - a +3 dagger of venom (weapon)
Missiles
 d - 13 poisoned darts (quivered)
 e - 3 curare-tipped darts
 l - 30 stones
Armour
 b - a +0 robe (worn)
 c - a +0 cloak (worn)
Jewellery
 k - a +4 ring of evasion (left hand)
Wands
 n - a wand of polymorph (21)
 w - a wand of charming (10)
Scrolls
 f - 6 scrolls of identify {unknown}
 g - 2 scrolls of vulnerability {unknown}
 j - a scroll of torment {unknown}
 m - a scroll of silence {unknown}
 o - a scroll of noise {unknown}
 q - 3 scrolls of teleportation {unknown}
 u - a scroll of enchant armour {unknown}
 v - a scroll of fog {unknown}
Potions
 h - 4 potions of curing {unknown}
 i - 3 potions of invisibility {unknown}
 p - 2 potions of mutation {unknown}
 r - a potion of berserk rage {unknown}
 t - 2 potions of degeneration {unknown}
 x - a potion of cancellation {unknown}


   Skills:
 * Level 2.1 Fighting
 + Level 2.5 Short Blades
 + Level 2.2 Throwing
 * Level 3.3 Dodging
 * Level 8.0 Stealth
 * Level 1.8 Spellcasting
 * Level 0.5 Conjurations
 * Level 1.3 Air Magic
 * Level 0.1 Evocations


You had 6 spell levels left.
You knew the following spells:

 Your Spells              Type           Power      Damage    Failure   Level
a - Shock                 Conj/Air       12%        1d3       19%         1

Your spell library contained the following spells:

 Spells                   Type           Power      Damage    Failure   Level
 Summon Small Mammal      Summ           4%         N/A       26%         1
 Swiftness                Air            4%         N/A       41%         3
 Call Canine Familiar     Summ           1%         N/A       61%         3
 Frozen Ramparts          Ice            2%         1d1       61%         3
 Summon Guardian Golem    Hex/Summ       1%         N/A       61%         3
 Airstrike                Air            2%         2d(1-17)  83%         4
 Ice Form                 Ice/Tmut       1%         N/A       95%         4
 Summon Ice Beast         Ice/Summ       1%         N/A       95%         4


Dungeon Overview and Level Annotations

Branches:
Dungeon (4/15)
 Temple: D:4-7

Altars:
Qazlal
Xom

Annotations:
D:4 Pikel


Innate Abilities, Weirdness & Mutations

You are very small and have problems with some larger weapons.
You are too small for most types of armour.
You have supernaturally acute eyesight. (SInv)
You cover ground extremely quickly. (Speed+++)


Message History

The ball python hisses angrily.
You hit the giant cockroach.
The giant cockroach is heavily wounded.
The giant cockroach bites you but does no damage.
The giant cockroach closely misses you.
There are monsters nearby!
You hit the giant cockroach.
You kill the giant cockroach!
Pikel checks his coin pouch and frowns.
You hit the iguana but do no damage.
The iguana is poisoned.
The iguana completely misses you.
You closely miss the iguana.
The iguana is lightly wounded.
The iguana bites you!
Ouch! That really hurt!
You barely miss the iguana.
The iguana is moderately wounded.
The iguana closely misses you.
You hit the iguana.
The iguana looks as sick as possible!
The iguana is heavily wounded.
The iguana completely misses you.
You hit the iguana but do no damage.
The iguana looks as sick as possible!
The iguana is heavily wounded.
The iguana barely misses you.
You hit the iguana but do no damage.
The iguana is almost dead.
You barely miss the iguana.
The iguana is almost dead.
The iguana closely misses you.
You hit the iguana but do no damage.
The iguana is almost dead.
You kill the iguana!
Your Stealth skill increases to level 8!
You hit the lemure.
The lemure is lightly wounded.
The lemure completely misses you. The lemure barely misses you.
Pikel zaps a wand.
The mass of ice explodes!
The iceblast engulfs you!!
Ouch! That really hurt!
You die...

##...###................
........................
#..###.................
###...#..................
###.#...##.#...............
#.....#....##...######.####
#.....#..####†### ## #
#.##....g#..####...# #
##.....S.55.@..##.#.# ##
#...##.##......#..#.########.
. #..#†#K.#5.........##......
..##...K.##.......##..5......
......._....5......#..........
...##.....##....#.##..........
.. #..#.#..#....#.##..........
....##.##...<..#..####.K5.(.(
.................#.##.......(


You could see Pikel, 4 lemures, a hobgoblin, a ball python and a kobold.

Vanquished Creatures
  A hound (D:3)
  2 iguanas (D:4)
  Ijyb (D:3)
  A gnoll (D:1)
  2 adders (D:3)
  2 dart slugs
  2 orcs (D:3)
  6 bats
  5 endoplasms
  5 giant cockroaches
  8 goblins
  7 hobgoblins
  A jackal (D:1)
  4 quokkas
  8 ball pythons
  2 frilled lizards (D:1)
  11 kobolds
  6 rats
  A spectral goblin (D:2)
75 creatures vanquished.

Notes
Turn   | Place    | Note
-------+----------+-------------------------------------------
     0 | D:1      | styxcanada the Spriggan Brigand began the quest for the
                  | Orb.
     0 | D:1      | Reached XP level 1. HP: 10/10 MP: 2/2
    77 | D:1      | Reached skill level 6 in Stealth
   125 | D:1      | Reached XP level 2. HP: 12/15 MP: 3/3
   699 | D:1      | Learned a level 1 spell: Shock
   754 | D:1      | Reached XP level 3. HP: 10/18 MP: 4/4
  1118 | D:1      | Reached skill level 7 in Stealth
  1368 | D:2      | Found a faded altar of an unknown god.
  1870 | D:3      | Noticed Ijyb
  1871 | D:3      | Killed Ijyb
  1872 | D:3      | Reached skill level 1 in Spellcasting
  1872 | D:3      | Reached XP level 4. HP: 23/23 MP: 6/6
  2207 | D:3      | Reached skill level 1 in Air Magic
  2207 | D:3      | Reached XP level 5. HP: 26/26 MP: 8/8
  2453 | D:3      | Found a stormy altar of Qazlal.
  2797 | D:4      | Found a shimmering altar of Xom.
  2922 | D:4      | Noticed Pikel
  2923 | D:4      | Noticed a lemure
  2926 | D:4      | Noticed a lemure
  2928 | D:4      | Noticed a lemure
  2931 | D:4      | Noticed a lemure
  3315 | D:4      | Reached skill level 8 in Stealth
  3321 | D:4      | Killed from afar by Pikel

Illustrated notes

Levels and vault maps discovered:
D:1:      dpeg_arrival_court, layout_rooms, minmay_vboxes
D:2:      layout_basic, dreamdust_ecumenical_altar_drowned_temple
D:3:      layout_rooms, nicolae_qazlal_scattered_showers, uniq_ijyb
D:4:      layout_cave_pools, mainiacjoe_overflow_small_starburst, uniq_pikel

Skill      XL: |  1  2  3  4  5 |
---------------+----------------+-----
Stealth        | 6 7 8 |  8.0
Dodging        | 2 3 |  3.3
Fighting       | 2 |  2.1
Spellcasting   | 1 |  1.8
Air Magic      | 1 |  1.3
Short Blades   | |  2.5
Throwing       | |  2.2
Conjurations   | |  0.5
Evocations     | |  0.1

Action                   |  1- 3 |  4- 6 || total
-------------------------+-------+-------++-------
Melee: Dagger            |   107 |    68 ||   175
       Punch             |     3 |       ||     3
Throw: Dart              |    10 |     7 ||    17
 Stab: Sleeping          |    13 |     8 ||    21
Armor: Robe              |    17 |    11 ||    28
Dodge: Dodged            |    73 |    49 ||   122
